 Dungeon Crawl Stone Soup version 0.29.1-14-g9c671dbff4 (webtiles) character file.

Game seed: 5618572512350317699

312 leafyfresh the Covert (level 6, 0/53 HPs)
             Began as a Gnoll Delver on Feb 13, 2023.
             Hit by a stone thrown by a gnoll (4 damage)
             ... on level 4 of the Dungeon.
             The game lasted 00:02:37 (1356 turns).

leafyfresh the Covert (Gnoll Delver)                Turns: 1356, Time: 00:02:37

Health: 0/53       AC:  3    Str: 11    XL:     6   Next: 42%
Magic:  9/9        EV: 13    Int: 10    God:
Gold:   0          SH:  0    Dex: 15    Spells: 9/9 levels left

rFire   . . .      SeeInvis .   a - +0 spear
rCold   . . .      Faith    .   (no shield)
rNeg    . . .      Spirit   .   b - +0 leather armour
rPois   .          Reflect  .   (no helmet)
rElec   .          Harm     .   (no cloak)
rCorr   .          Rampage  .   (no gloves)
Will    .....                   (no boots)
Stlth   ++++......              (no amulet)
HPRegen 0.17/turn               (no ring)
MPRegen 0.11/turn               (no ring)

@: no status effects
A: fangs 1, strong nose, distributed training
a: no special abilities


You were on level 4 of the Dungeon.
You visited 1 branch of the dungeon, and saw 2 of its levels.

Inventory:

Hand Weapons
 a - a +0 spear (weapon)
 h - a +0 shortbow
Armour
 b - a +0 leather armour (worn)
Jewellery
 e - an amulet of faith
Wands
 g - a wand of digging (3)
Scrolls
 d - a scroll of magic mapping


   Skills:
 + Level 6.8 Fighting
 + Level 2.0 Short Blades
 + Level 2.0 Long Blades
 + Level 2.0 Axes
 + Level 2.0 Maces & Flails
 + Level 5.0 Polearms
 + Level 2.0 Staves
 + Level 2.0 Ranged Weapons
 + Level 2.0 Throwing
 + Level 2.0 Armour
 + Level 5.0 Dodging
 + Level 9.8 Stealth
 + Level 2.0 Shields
 + Level 2.0 Unarmed Combat
 + Level 2.0 Spellcasting
 + Level 1.6 Conjurations
 + Level 1.6 Hexes
 + Level 1.6 Summonings
 + Level 1.6 Necromancy
 + Level 1.6 Translocations
 + Level 1.6 Transmutations
 + Level 1.6 Fire Magic
 + Level 1.6 Ice Magic
 + Level 1.6 Air Magic
 + Level 1.6 Earth Magic
 + Level 1.6 Poison Magic
 + Level 2.2 Invocations
 + Level 2.0 Evocations


You had 9 spell levels left.
You didn't know any spells.
Your spell library was empty.

Dungeon Overview and Level Annotations

Branches:
Dungeon (5/15)
 Temple: D:4-7

Altars:
Ru
Trog
Zin


Innate Abilities, Weirdness & Mutations

You have very sharp teeth.
Your uncanny sense of smell can sniff out nearby items.
Your experience applies equally to all skills.


Message History

You reach to attack!
You hit the gnoll.
The gnoll is heavily wounded.
A gnoll comes into view. It is wielding a +0 spear.
The gnoll throws a stone.
The stone hits you.
* * * LOW HITPOINT WARNING * * *
As you read the scroll of fog, it crumbles to dust.
The scroll dissolves into smoke.
The gnoll barely misses you.
Unknown command.
Reach: a) +0 spear
Press: ? - help, Dir - move target, f/p - gnoll
Aim: a gnoll, wielding a +0 spear and quivering stones (black smoke, heavily wounded, about 31% to evade your +0 spear)
You reach to attack!
You barely miss the gnoll.
The gnoll is heavily wounded.
The gnoll closely misses you.
Reach: a) +0 spear
Press: ? - help, Dir - move target, f/p - gnoll
Aim: a gnoll, wielding a +0 spear and quivering stones (black smoke, heavily wounded, about 31% to evade your +0 spear)
You reach to attack!
You barely miss the gnoll.
The gnoll is heavily wounded.
The gnoll hits you from afar with a +0 spear.
* * * LOW HITPOINT WARNING * * *
Reach: a) +0 spear
Press: ? - help, Dir - move target, f/p - gnoll
Aim: a gnoll, wielding a +0 spear and quivering stones (black smoke, heavily wounded, about 31% to evade your +0 spear)
You reach to attack!
You hit the gnoll but do no damage.
The gnoll is heavily wounded.
The gnoll hits you from afar with a +0 spear.
* * * LOW HITPOINT WARNING * * *
Reach: a) +0 spear
Press: ? - help, Dir - move target, f/p - gnoll
Aim: a gnoll, wielding a +0 spear and quivering stones (black smoke, heavily wounded, about 31% to evade your +0 spear)
You reach to attack!
You hit the gnoll but do no damage.
The gnoll is heavily wounded.
The gnoll throws a stone.
The stone hits you but does no damage.
Reach: a) +0 spear
Press: ? - help, Dir - move target, f/p - gnoll
Aim: a gnoll, wielding a +0 spear and quivering stones (black smoke, heavily wounded, about 31% to evade your +0 spear)
Okay, then.
The gnoll throws a stone.
The stone hits you.
You die...

##### #§§§#
... #§#g#
..####g#.#
#....#§#.#
#....#§#@#
#....#§#.#
#....#.#.#
.##....#.#.#
.......g..>#
.##....#.#§#
#....#.#.#
.......#....
...###.###.##


You could see a gnoll.

Vanquished Creatures
  A centaur (D:5)
  An ogre (D:5)
  A scorpion (D:5)
  A hound (D:4)
  An orc wizard (D:5)
  3 gnolls (D:4)
  An adder (D:4)
9 creatures vanquished.

Notes
Turn   | Place    | Note
-------+----------+-------------------------------------------
     0 | D:5      | Reached skill level 9 in Stealth
     0 | D:5      | leafyfresh the Gnoll Delver began the quest for the Orb.
     0 | D:5      | Reached XP level 1. HP: 23/23 MP: 1/1
     5 | D:5      | Noticed a necrophage
     6 | D:5      | Noticed an orc priest
    36 | D:5      | Found a bloodstained altar of Trog.
    42 | D:5      | Found a sacrificial altar of Ru.
    46 | D:5      | Found a glowing silver altar of Zin.
    62 | D:5      | Noticed an orc wizard
    81 | D:5      | Killed an orc wizard
    82 | D:5      | Reached XP level 2. HP: 24/29 MP: 2/2
    82 | D:5      | Reached XP level 3. HP: 29/35 MP: 3/3
   191 | D:5      | Noticed a scorpion
   204 | D:5      | Killed a scorpion
   205 | D:5      | Reached skill level 1 in Short Blades
   205 | D:5      | Reached skill level 1 in Long Blades
   205 | D:5      | Reached skill level 1 in Axes
   205 | D:5      | Reached skill level 1 in Maces & Flails
   205 | D:5      | Reached skill level 1 in Staves
   205 | D:5      | Reached skill level 1 in Ranged Weapons
   205 | D:5      | Reached skill level 1 in Throwing
   205 | D:5      | Reached skill level 1 in Armour
   205 | D:5      | Reached skill level 1 in Shields
   205 | D:5      | Reached skill level 1 in Unarmed Combat
   205 | D:5      | Reached skill level 1 in Spellcasting
   205 | D:5      | Reached skill level 1 in Conjurations
   205 | D:5      | Reached skill level 1 in Hexes
   205 | D:5      | Reached skill level 1 in Summonings
   205 | D:5      | Reached skill level 1 in Necromancy
   205 | D:5      | Reached skill level 1 in Translocations
   205 | D:5      | Reached skill level 1 in Transmutations
   205 | D:5      | Reached skill level 1 in Fire Magic
   205 | D:5      | Reached skill level 1 in Ice Magic
   205 | D:5      | Reached skill level 1 in Air Magic
   205 | D:5      | Reached skill level 1 in Earth Magic
   205 | D:5      | Reached skill level 1 in Poison Magic
   205 | D:5      | Reached skill level 1 in Invocations
   205 | D:5      | Reached skill level 1 in Evocations
   205 | D:5      | Reached XP level 4. HP: 10/41 MP: 3/5
   472 | D:5      | Noticed an ogre
   482 | D:5      | Killed an ogre
   483 | D:5      | Reached XP level 5. HP: 27/47 MP: 5/7
   675 | D:5      | Noticed a centaur
   688 | D:5      | Killed a centaur
   689 | D:5      | Reached XP level 6. HP: 37/53 MP: 8/8
   754 | D:5      | Noticed a black bear
   777 | D:4      | Reached skill level 5 in Polearms
   777 | D:4      | Reached skill level 5 in Dodging
  1356 | D:4      | Hit by a stone thrown by a gnoll

Illustrated notes

Levels and vault maps discovered:
D:4:      layout_basic, nicolae_ashenzari_panopticon
D:5:      layout_cave_pods, cheibriados_altar_1, grunt_temple_overflow_diamond,
          hangedman_glass_garden

Skill      XL: |  1  2  3  4  5  6 |
---------------+-------------------+-----
Stealth        | |  9.8
Short Blades   | 1 2 |  2.0
Long Blades    | 1 2 |  2.0
Axes           | 1 2 |  2.0
Maces & Flails | 1 2 |  2.0
Staves         | 1 2 |  2.0
Ranged Weapons | 1 2 |  2.0
Throwing       | 1 2 |  2.0
Armour         | 1 2 |  2.0
Shields        | 1 2 |  2.0
Unarmed Combat | 1 2 |  2.0
Spellcasting   | 1 2 |  2.0
Conjurations   | 1 |  1.6
Hexes          | 1 |  1.6
Summonings     | 1 |  1.6
Necromancy     | 1 |  1.6
Translocations | 1 |  1.6
Transmutations | 1 |  1.6
Fire Magic     | 1 |  1.6
Ice Magic      | 1 |  1.6
Air Magic      | 1 |  1.6
Earth Magic    | 1 |  1.6
Poison Magic   | 1 |  1.6
Invocations    | 1 2 |  2.2
Evocations     | 1 2 |  2.0
Polearms       | 5 |  5.0
Dodging        | 5 |  5.0
Fighting       | |  6.8

Action                   |  1- 3 |  4- 6 || total
-------------------------+-------+-------++-------
Melee: Spear             |    23 |    61 ||    84
       Bite              |     4 |    11 ||    15
       Punch             |       |     1 ||     1
 Fire: Shortbow          |       |    13 ||    13
  Use: Scroll            |       |     2 ||     2
       Potion            |       |     1 ||     1
 Stab: Sleeping          |       |     3 ||     3
Armor: Leather armour    |     3 |    10 ||    13
Dodge: Dodged            |     6 |    51 ||    57
